 Dungeon Crawl Stone Soup version 0.28.0-1-gb440e238dd (webtiles) character file.

Game seed: 12513206894188672148

61 spaghetti the Sneak (level 3, 6/34 HPs)
             Began as a Deep Dwarf Delver on Feb 19, 2022.
             Quit the game on level 5 of the Dungeon.
             The game lasted 00:00:57 (94 turns).

spaghetti the Sneak (Deep Dwarf Delver)               Turns: 94, Time: 00:00:58

Health: 6/34       AC:  3    Str: 17    XL:     3   Next: 83%
Magic:  3/3        EV: 12    Int: 10    God:
Gold:   0          SH:  0    Dex: 14    Spells: 2/2 levels left

rFire   . . .      SeeInvis .   a - +0 falchion
rCold   . . .      Faith    .   (no shield)
rNeg    . . .      Spirit   .   b - +0 leather armour
rPois   .          Reflect  .   (no helmet)
rElec   .          Harm     .   (no cloak)
rCorr   .          Rampage  .   (no gloves)
Will    .....                   (no boots)
Stlth   +++.......              (no amulet)
HPRegen 0.00/turn               (no ring)
MPRegen 0.08/turn               (no ring)

@: no status effects
A: damage resistance, heal wounds, sense surroundings 1, no regeneration
a: Heal Wounds


You were on level 5 of the Dungeon.
You visited 1 branch of the dungeon, and saw 2 of its levels.

Inventory:

Hand Weapons
 a - a +0 falchion (weapon)
Armour
 b - a +0 leather armour (worn)
Wands
 g - a wand of digging (3)
Scrolls
 c - a scroll of fog
 d - a scroll of magic mapping
Potions
 f - a potion of haste


   Skills:
 + Level 3.2 Fighting
 + Level 2.7 Long Blades
 + Level 3.0 Dodging
 + Level 6.5 Stealth


You had 2 spell levels left.
You didn't know any spells.
Your spell library was empty.

Dungeon Overview and Level Annotations

Branches:
Dungeon (6/15)
 Temple: D:4-7

Altars:

Annotations:
D:5 1 transporter, Clumpoid's ghost, amateur DsFi; Prince Ribbit


Innate Abilities, Weirdness & Mutations

You are resistant to damage.
You can heal yourself by infusing magical energy.
You passively map a small area around you.
You do not regenerate.


Message History

You kill the hound!
Your Dodging skill increases to level 3!
An ufetubus comes into view.
Unknown command.
There is an open door here.
Found a club.
You close the door.
Prince Ribbit comes into view.
Prince Ribbit croaks.
Prince Ribbit catches a small bird with his tongue.
Prince Ribbit hits you!
You miss Prince Ribbit.
An orc priest comes into view. It is wielding a +0 war axe.
Prince Ribbit hits you!
* * * LOW HITPOINT WARNING * * *
The orc priest moves out of view.
You feel much better. Prince Ribbit hits you! Prince Ribbit hits you.
You closely miss Prince Ribbit.
Prince Ribbit hits you but does no damage.
You barely miss Prince Ribbit.
Prince Ribbit blinks!
Okay, then.
As you read the scroll of fear, it crumbles to dust.
You assume a fearsome visage.
Prince Ribbit looks frightened!
The orc priest looks frightened!
Prince Ribbit blinks!
Prince Ribbit blinks! x2
An orc comes into view. It is wielding a +0 mace.
A scorpion comes into view.
A water moccasin zombie comes into view.
You slash the water moccasin zombie! You punch the water moccasin zombie.
The water moccasin zombie is moderately damaged.
The water moccasin zombie misses you.
You hit the water moccasin zombie.
The water moccasin zombie is moderately damaged.
The water moccasin zombie bites you but does no damage.
The scorpion stings you.
* * * LOW HITPOINT WARNING * * *
The water moccasin zombie bites you.
* * * LOW HITPOINT WARNING * * *
Unknown command.
Are you sure you want to abandon this character and quit the game? (Confirm with "yes".)

#.......#
,
#.......#
#.....###*
, #.....#
,, #.....#
,, *
#.....## *
, #......#
* #......#
, ,
#...@..#,,
,,
#...Zs.#
#......# *
+ ,
#####....
* , .....
, ,,
.....#, *
* .....# *
######


You could see a scorpion and a water moccasin zombie.

Vanquished Creatures
  2 hounds (D:5)
2 creatures vanquished.

Notes
Turn   | Place    | Note
-------+----------+-------------------------------------------
     0 | D:5      | spaghetti the Deep Dwarf Delver began the quest for the
                  | Orb.
     0 | D:5      | Reached XP level 1. HP: 20/20 MP: 1/1
     7 | D:6      | Noticed a scorpion
     7 | D:6      | Noticed an iguana
    12 | D:5      | Found a transporter.
    15 | D:5      | Noticed Clumpoid's ghost (amateur DsFi)
    15 | D:5      | Noticed an ogre
    16 | D:5      | Noticed an ogre
    21 | D:5      | Noticed a hound
    46 | D:5      | Noticed a hound
    55 | D:5      | Killed a hound
    56 | D:5      | Reached XP level 2. HP: 21/28 MP: 2/2
    56 | D:5      | Reached XP level 3. HP: 25/34 MP: 3/3
    75 | D:5      | Noticed Prince Ribbit
    86 | D:5      | Noticed a scorpion
    94 | D:5      | Quit the game

Illustrated notes

Levels and vault maps discovered:
D:5:      layout_gridville, lemuel_tele_altar, gammafunk_ghost_smash,
          moated_statue, uniq_prince_ribbit1
D:6:      kennysheep_windowed_halls, layout_cave_pools,
          gammafunk_temple_overflow_statue, nemelex_spade_bored_becter

Skill      XL: |  1  2  3 |
---------------+----------+-----
Fighting       | 3 |  3.2
Dodging        | 3 |  3.0
Long Blades    | |  2.7
Stealth        | |  6.5

Action                   || total
-------------------------++-------
Melee: Falchion          ||    19
       Punch             ||     1
 Abil: Heal Wounds       ||     1
  Use: Potion            ||     1
       Scroll            ||     1
Armor: Leather armour    ||     7
Dodge: Dodged            ||    11
